 Dungeon Crawl Stone Soup version 0.22-a0-538-g76cc104 (webtiles) character file.

24602 vinnietd the Envoy of Void (level 12, 0/108 HPs)
             Began as a Minotaur Abyssal Knight on June 23, 2018.
             Was a High Priest of Lugonu.
             Slain by an ogre
             ... wielding a +0 giant club
              (13 damage)
             ... on level 1 of the Orcish Mines.
             The game lasted 00:42:19 (15955 turns).

vinnietd the Envoy of Void (MiAK)                  Turns: 15955, Time: 00:42:19

Health: 0/108      AC: 20    Str: 24    XL:     12   Next: 82%
Magic:  18/19      EV:  8    Int: 12    God:    Lugonu [*****.]
Gold:   239        SH: 14    Dex: 11    Spells: 11/11 levels left

rFire    + + +     SeeInvis .   B - +8 rapier "Mithuake" {flame, rC+ MR+}
rCold    + + +     Gourm    .   d - +2 shield of Resistance {rF+ rC+ MR+}
rNeg     + + +     Faith    +   a - +0 plate armour
rPois    .         Spirit   .   y - +2 hat
rElec    +         Reflect  .   s - scarf {rC+ rF+}
rCorr    .         Harm     .   Q - +1 pair of gloves
MR       ++...                  l - +0 pair of boots
Stlth    ..........             e - amulet of faith
HPRegen  0.28/turn              L - ring of Ypoisire {Fire rN+ Str+3 Stlth+}
MPRegen  0.16/turn              u - ring "Hunkeul" {rElec rF+ rC+ rN++ Int+3}

@: no status effects
A: retaliatory headbutt, horns 2
a: Depart the Abyss, Bend Space, Banish, Corrupt, Enter the Abyss, Renounce
Religion


You were on level 1 of the Orcish Mines.
You worshipped Lugonu.
Lugonu was extremely pleased with you.
You were not hungry.

You visited 3 branches of the dungeon, and saw 15 of its levels.
You visited the Abyss 2 times.

You collected 1243 gold pieces.
You spent 1004 gold pieces at shops.

Inventory:

Hand Weapons
 B - the +8 rapier "Mithuake" (weapon) {flame, rC+ MR+}
   (You found it on level 9 of the Dungeon)

   It has been specially enchanted to burn those struck by it, causing extra
   injury to most foes and up to half again as much damage against particularly
   susceptible opponents.
   It protects you from cold.
   It affects your resistance to hostile enchantments.
Missiles
 o - 4 poisoned tomahawks (quivered)
Armour
 a - a +0 plate armour (worn)
 d - the +2 shield of Resistance (worn) {rF+ rC+ MR+}
   (You acquired it on level 13 of the Dungeon)

   It protects you from fire.
   It protects you from cold.
   It affects your resistance to hostile enchantments.
 l - a +0 pair of boots (worn)
 s - a scarf of resistance (worn)
 y - a +2 hat (worn)
 Q - a +1 pair of gloves (worn)
Jewellery
 e - an amulet of faith (around neck)
 k - an uncursed ring of resist corrosion
 u - the ring "Hunkeul" (right hand) {rElec rF+ rC+ rN++ Int+3}
   (You bought it in a shop on level 10 of the Dungeon)

   [ring of protection from fire]

   It affects your intelligence (+3).
   It protects you from fire.
   It protects you from cold.
   It insulates you from electricity.
   It greatly protects you from negative energy.
 D - a +4 ring of protection
 E - an uncursed ring of magical power
 L - the ring of Ypoisire (left hand) {Fire rN+ Str+3 Stlth+}
   (You found it on level 11 of the Dungeon)

   [ring of fire]

   It enhances your fire magic.
   It affects your strength (+3).
   It protects you from fire.
   It makes you vulnerable to cold.
   It protects you from negative energy.
   It makes you more stealthy.
Wands
 b - a wand of acid (8)
 j - a wand of paralysis (15)
 q - a wand of clouds (7)
 r - a wand of digging (3)
 v - a wand of enslavement (25)
 K - a wand of random effects (28)
Scrolls
 f - 4 scrolls of teleportation
 g - a scroll of fear
 i - 7 scrolls of immolation
 t - 9 scrolls of remove curse {@r2}
 x - 3 scrolls of amnesia
 G - 3 scrolls of enchant weapon
 I - a scroll of blinking
 J - 4 scrolls of identify {@r1}
Potions
 h - 8 potions of curing {@q1}
 m - 2 potions of brilliance
 n - a potion of degeneration {!q}
 w - 2 potions of haste
 z - 2 potions of resistance
 C - a potion of mutation {unknown}
 F - a potion of ambrosia
 H - 2 potions of agility {unknown}
 M - 2 potions of lignification {unknown}
Comestibles
 c - 30 rations


   Skills:
 - Level 10.9 Fighting
 * Level 8.2(10.1) Short Blades
   Level 10.4(11.6) Long Blades
 - Level 10.5 Armour
 - Level 4.0 Dodging
 - Level 9.2 Shields
 - Level 11.6 Invocations


You had 11 spell levels left.
You didn't know any spells.
Your spell library contained the following spells:

 Spells                   Type           Power        Failure   Level  Hunger
 Bolt of Magma            Conj/Fire/Erth #.........   100%        5    ######.
 Venom Bolt               Conj/Pois      #.........   100%        5    ######.
 Iron Shot                Conj/Erth      #.........   100%        6    #######
 Orb of Destruction       Conj           #.........   100%        7    #######
 Iskenderun's Battlesphe  Conj/Chrm      #.......     100%        5    ######.
 Spellforged Servitor     Conj/Summ      #.........   100%        7    #######


Dungeon Overview and Level Annotations

Branches:
Dungeon (13/15)            Temple (1/1) D:4            Lair (0/6) D:10
    Orc (1/2) D:10         Vaults (0/5) D:13

Altars:
Cheibriados
Gozag
Sif Muna
Uskayaw
Zin
Beogh

Shops:
D:4 %   D:8 %   D:10 =   D:11 [[*?%


Innate Abilities, Weirdness & Mutations

You reflexively headbutt those who attack you in melee.
You have a pair of horns on your head.


Message History

You start resting.
A starcursed mass comes into view.
You eat one of the 31 rations.
That ration really hit the spot!
The starcursed mass shrieks in your mind.
* * * LOW HITPOINT WARNING * * *
Use which ability? (? or * to list)
You pass through the gate.
Welcome back to the Orcish Mines!
The orc priest invokes the aid of Beogh against you.
Beogh smites you!
* * * LOW HITPOINT WARNING * * *
The orc warrior hits you from afar with a halberd.
* * * LOW HITPOINT WARNING * * *
The orc priest hits you but does no damage.
You see here 3 tomahawks.
The orc priest hits you but does no damage.
You closely miss the orc priest. You headbutt the orc priest.
The orc priest is moderately wounded.
The ogre hits you with a giant club!
You die...

.#........#..
##........##
##.....##...#
#.......#..##
###..........#
####.........#...
##.#....##.####....
#...#....### ...
###.@o###.##
##.##O## .##
#...#o## . #o.[##.
##[[.# #...#
....... .....##.#
....... #


You could see an orc warrior, an ogre, an orc priest and an orc.

Vanquished Creatures
  A centaur warrior (D:13)
  2 dancing weapons (D:13)
  A two-headed ogre (D:11)
  An unseen horror (D:13)
  An orc knight (Orc:1)
  A cyclops (Orc:1)
  A manticore (D:11)
  A centaur zombie (D:13)
  A gargoyle (D:11)
  3 kobold demonologists (D:12)
  An efreet (D:10)
  4 trolls
  A hornet (D:12)
  2 slime creatures (D:13)
  3 hippogriffs
  Sigmund (D:3)
  A spriggan (D:9)
  A shadow (D:13)
  3 wyverns
  19 yaks
  2 hungry ghosts
  3 vampire mosquitoes (D:12)
  A water moccasin (D:10)
  11 orc warriors
  3 black bears
  2 sky beasts
  7 ice beasts
  11 ogres
  4 phantoms
  12 centaurs
  2 crocodiles
  6 big kobolds
  7 bullfrogs
  A wyvern zombie (D:13)
  A small abomination (Abyss:1)
  2 scorpions
  11 killer bees
  5 crimson imps
  3 bullfrog zombies
  A wyvern simulacrum (D:11)
  6 hounds
  3 quasits
  15 orc priests
  11 orc wizards
  3 bullfrog skeletons
  A gnoll shaman (D:6)
  11 iguanas
  3 worker ants
  2 hound skeletons (D:6)
  A worker ant zombie (D:8)
  12 adders
  59 gnolls
  2 shadow imps
  2 white imps (D:11)
  2 oozes
  An adder skeleton (D:4)
  A worm (D:2)
  2 dart slugs
  6 leopard geckos
  91 orcs
  7 giant cockroaches
  13 goblins
  13 hobgoblins
  25 jackals
  9 quokkas
  2 ball pythons
  9 bats
  3 frilled lizards (D:1)
  A jackal skeleton (D:4)
  23 kobolds
  A leopard gecko skeleton (D:4)
  11 rats
495 creatures vanquished.

Vanquished Creatures (others)
  A slime creature (D:13)
  The ghost of vwvwvwv the Cleaver, a journeyman MiBe of Trog (D:11)
  4 hydras
  A two-headed ogre (D:10)
  The ghost of pmoppi the Grappler, a journeyman VSTm of Okawaru (D:9)
  An ugly thing (D:7)
  A hornet (D:9)
  2 orc warriors
  A shadow imp (D:10)
13 creatures vanquished.

Grand Total: 508 creatures vanquished

Notes
Turn   | Place    | Note
-------+----------+-------------------------------------------
     0 | Abyss:1  | vinnietd the Minotaur Abyssal Knight began the quest for the Orb.
     0 | Abyss:1  | Reached XP level 1. HP: 19/19 MP: 1/1
    34 | Abyss:1  | Noticed a chaos spawn
    35 | D:1      | Escaped the Abyss
   168 | D:1      | Reached XP level 2. HP: 27/27 MP: 2/2
   264 | D:1      | Reached * piety under Lugonu
   267 | D:1      | Reached skill level 2 in Invocations
   396 | D:1      | Reached XP level 3. HP: 33/33 MP: 3/3
   895 | D:2      | Reached ** piety under Lugonu
   910 | D:2      | Reached XP level 4. HP: 33/40 MP: 4/4
  1645 | D:3      | Reached XP level 5. HP: 41/47 MP: 5/5
  1789 | D:3      | Noticed Sigmund
  1992 | D:3      | Found a faded altar of an unknown god.
  2453 | D:3      | Killed Sigmund
  2453 | D:3      | Reached skill level 5 in Long Blades
  2453 | D:3      | Reached skill level 3 in Invocations
  2453 | D:3      | Reached XP level 6. HP: 24/55 MP: 7/7
  2495 | D:3      | Reached *** piety under Lugonu
  2872 | D:3      | Found a deep blue altar of Sif Muna.
  2951 | D:4      | Found a staircase to the Ecumenical Temple.
  3018 | D:4      | Reached skill level 5 in Fighting
  3144 | D:4      | Reached XP level 7. HP: 59/61 MP: 8/8
  3459 | D:4      | Found Pokloon's Food Emporium.
  3729 | D:5      | Entered Level 5 of the Dungeon
  3801 | Temple   | Entered the Ecumenical Temple
  3926 | D:5      | Reached skill level 4 in Invocations
  4041 | D:5      | Reached skill level 5 in Armour
  4042 | D:5      | Reached XP level 8. HP: 59/70 MP: 10/10
  4651 | D:6      | Reached skill level 1 in Shields
  4834 | D:6      | Reached skill level 5 in Invocations
  4882 | D:6      | Reached **** piety under Lugonu
  5616 | D:6      | Reached XP level 9. HP: 68/78 MP: 12/12
  6143 | D:6      | Reached ***** piety under Lugonu
  6341 | D:7      | Reached skill level 6 in Invocations
  6618 | D:7      | Noticed a green ugly thing
  6626 | D:7      | Banished a green ugly thing
  7560 | D:8      | Found Misas's Food Emporium.
  7776 | D:8      | Reached skill level 7 in Invocations
  8074 | D:8      | Reached XP level 10. HP: 74/88 MP: 14/14
  8131 | D:8      | Found a roughly hewn altar of Beogh.
  8524 | D:8      | Reached skill level 10 in Long Blades
  9081 | D:9      | Noticed a two-headed ogre
  9135 | D:8      | Banished a two-headed ogre
  9135 | D:8      | Reached skill level 5 in Shields
  9856 | D:9      | Paralysed by a hornet for 1 turns
 10142 | D:9      | Got a crystal rapier
 10143 | D:9      | Identified the +8 rapier "Mithuake" {flame, rC+ MR+} (You found it on level 9 of the Dungeon)
 10161 | D:9      | Found a runed door.
 10163 | D:9      | Noticed pmoppi's ghost (journeyman VSTm)
 10192 | D:9      | Reached skill level 8 in Invocations
 10211 | D:9      | Banished pmoppi's ghost
 10548 | D:10     | Entered Level 10 of the Dungeon
 10569 | D:10     | Noticed a two-headed ogre
 10578 | D:10     | Banished a two-headed ogre
 10912 | D:10     | Reached skill level 9 in Invocations
 10937 | D:10     | Reached XP level 11. HP: 74/97 MP: 16/16
 11100 | D:10     | Got a faintly glowing scale mail
 11101 | D:10     | Identified the cursed +1 scale mail "Govad" {rF- MR+ Regen+} (You found it on level 10 of the Dungeon)
 11281 | D:10     | Found a staircase to the Orcish Mines.
 11514 | D:10     | Found a staircase to the Lair.
 11520 | D:10     | Found Rietismi's Jewellery Shop.
 11651 | D:11     | Found Coanompeno's Magic Scroll Boutique.
 11686 | D:11     | Found an opulent altar of Gozag.
 11738 | D:11     | Noticed a five-headed hydra
 11739 | D:11     | Banished a five-headed hydra
 11792 | D:11     | Found Noorag's Armour Shoppe.
 11793 | D:11     | Noticed a two-headed ogre
 11799 | D:11     | Killed a two-headed ogre
 11867 | D:11     | Found Ziakli's Food Shop.
 11943 | D:11     | Found a runed gate.
 11943 | D:11     | Found a runed gate.
 11943 | D:11     | Found a runed gate.
 11959 | D:11     | Found Woquug's Armour Emporium.
 11962 | D:11     | Found Abophim's Assorted Antiques.
 11967 | D:11     | Noticed vwvwvwv's ghost (journeyman MiBe)
 12131 | D:11     | Reached skill level 10 in Invocations
 12191 | D:11     | Noticed a seven-headed hydra
 12192 | D:11     | Banished a seven-headed hydra
 12515 | D:11     | Banished vwvwvwv's ghost
 12529 | D:11     | Got the ring of Ypoisire {Fire}
 12567 | D:12     | Reached skill level 10 in Fighting
 12767 | D:12     | Noticed a six-headed hydra
 12768 | D:12     | Banished a six-headed hydra
 12899 | D:12     | Reached skill level 10 in Armour
 12906 | D:12     | Reached skill level 11 in Invocations
 12919 | D:12     | Reached XP level 12. HP: 68/107 MP: 19/19
 13793 | D:13     | Reached skill level 1 in Short Blades
 13832 | D:13     | Identified the ring of Ypoisire {Fire rN+ Str+3 Stlth+} (You found it on level 11 of the Dungeon)
 13841 | D:13     | Identified a scroll of acquirement
 13842 | D:13     | Found the +2 shield of Resistance {rF+ rC+ MR+}
 14204 | D:13     | Noticed a seven-headed hydra
 14205 | D:13     | Banished a seven-headed hydra
 14242 | D:13     | Found a gate to the Vaults.
 14921 | D:13     | Reached ****** piety under Lugonu
 14944 | D:13     | Reached skill level 5 in Short Blades
 14962 | D:13     | Found a roughly hewn altar of Beogh.
 15124 | D:13     | Noticed a centaur warrior
 15135 | D:13     | Killed a centaur warrior
 15441 | D:10     | Bought the ring "Hunkeul" {rElec rF+ rC+ rN++ Int+3} for 1004 gold pieces
 15486 | Orc:1    | Entered Level 1 of the Orcish Mines
 15825 | Orc:1    | HP: 4/108 [orc priest/divine providence[an orc knight] (14)]
 15950 | Abyss:1  | Noticed a starcursed mass
 15953 | Orc:1    | Escaped the Abyss
 15955 | Orc:1    | Slain by an ogre

Vault maps used:
D:1:      lightli_arrival_farm, serial_curves, eino_curves_01, eino_curves_03,
          nrook_mini_backslash, minmay_pentomino_q4
D:3:      cheibrodos_greedy_goblins, nicolae_overflow_hidden_temple,
          first_ration, chequers_ecumenical_altar_island,
          kennysheep_generic_room_13, uniq_sigmund
D:4:      minmay_temple_entry_purple_smoke, serial_shops, shop
D:5:      fountainhead
D:6:      lemuel_castle_with_subvaults
D:8:      special_room, serial_shops, shop
D:9:      gammafunk_ghost_grave, the_bakery, minmay_misc_feat_ornament
D:10:     lair_entry_dummy, orc_0_dummy, serial_shops, shop, minivault_24,
          lightli_orcish_oven
D:11:     gammafunk_ghost_icy, serial_shops, shop, nicolae_shop_waterfront,
          shop, shop, nicolae_shop_statue_plus, grunt_gozag_statues
D:13:     erik_vaults_1, special_room, nrook_loot_triangle
Temple:   compressed_dpeg_circular_temple
Orc:1:    mines_bat_river

Skill      XL: |  1  2  3  4  5  6  7  8  9 10 11 12 |
---------------+-------------------------------------+-----
Long Blades    | 3 4 5 6 8 9 10 | 10.4
Invocations    | 2 3 4 5 7 9 11 | 11.6
Fighting       | 4 5 6 7 9 10 | 10.9
Armour         | 3 4 5 6 7 8 10 | 10.5
Dodging        | 2 3 4 |  4.0
Shields        | 2 4 6 8 9 |  9.2
Short Blades   | 8 |  8.2

Action                   |  1- 3 |  4- 6 |  7- 9 | 10-12 || total
-------------------------+-------+-------+-------+-------++-------
Melee: Falchion          |   111 |   171 |   611 |   197 ||  1090
       Headbutt          |    12 |    33 |   131 |   172 ||   348
       Rapier            |       |       |       |   653 ||   653
Throw: Tomahawk          |       |       |       |     2 ||     2
Invok: Depart the Abyss  |     1 |       |       |     1 ||     2
       Bend Space        |       |     2 |       |       ||     2
       Banish            |       |       |     2 |    16 ||    18
       Enter the Abyss   |       |       |       |     1 ||     1
  Use: Scroll            |       |     9 |     4 |    11 ||    24
       Potion            |       |     2 |    10 |     4 ||    16
 Stab: Invisible         |       |       |     1 |       ||     1
  Eat: Chunk             |       |     7 |    27 |    24 ||    58
       Ration            |       |       |       |     3 ||     3
Armor: Chain mail        |    89 |   115 |   297 |     7 ||   508
       Leather armour    |     1 |       |       |       ||     1
       Plate armour      |       |       |       |   362 ||   362
Dodge: Dodged            |    52 |    67 |   186 |   152 ||   457
Block: Shield            |       |       |   191 |   473 ||   664
       Rpst.: Falchion   |    13 |    19 |    50 |     5 ||    87

Table legend:
 A = Spawn XP
 B = Non-spawn XP
 C = Spawn XP percentage of total XP
 D = Spawn monster count
 E = Non-spawn monster count
 F = Spawn count percentage of total count
 G = Total turns spent on level
                    A         B        C        D         E        F      G
               +---------+---------+-------+---------+---------+-------+---------
         Total |     118 |   35028 |   0.3 |       2 |     506 |   0.4 | 15955
               +---------+---------+-------+---------+---------+-------+---------
           D:1 |       0 |      42 |   0.0 |       0 |      27 |   0.0 |   610
           D:2 |       0 |     118 |   0.0 |       0 |      23 |   0.0 |   981
           D:3 |       0 |     405 |   0.0 |       0 |      45 |   0.0 |  1316
           D:4 |       0 |     512 |   0.0 |       0 |      14 |   0.0 |   886
           D:5 |       0 |     514 |   0.0 |       0 |      17 |   0.0 |   626
           D:6 |       0 |    1583 |   0.0 |       0 |      83 |   0.0 |  1813
           D:7 |       0 |    1137 |   0.0 |       0 |      19 |   0.0 |  1524
           D:8 |       0 |    2126 |   0.0 |       0 |      48 |   0.0 |  1396
           D:9 |       0 |    1900 |   0.0 |       0 |      35 |   0.0 |  1359
          D:10 |       0 |    3509 |   0.0 |       0 |      36 |   0.0 |  1181
          D:11 |       0 |    5760 |   0.0 |       0 |      27 |   0.0 |   932
          D:12 |       0 |    5675 |   0.0 |       0 |      54 |   0.0 |  1398
          D:13 |       0 |    9194 |   0.0 |       0 |      56 |   0.0 |  1427
         Orc:1 |       0 |    2553 |   0.0 |       0 |      22 |   0.0 |   342
       Abyss:1 |     118 |       0 | 100.0 |       2 |       0 | 100.0 |   162
               +---------+---------+-------+---------+---------+-------+---------
